Map: Ice and Chrome LE

Players

LiquidMaNa (MaNa) - Winner!

  • Race: Protoss Protoss
  • League: Grandmaster
  • Spawn Location: 7:00

SortOf

  • Race: Zerg Zerg
  • League: Grandmaster
  • Spawn Location: 1:00

Event: DreamHack SC2 Masters 2020 Summer Europe

VOD

Have the link to the VOD?

Description

Time

  • Played on: July 4, 2020, 1:29 p.m.
  • Length: 7:54

All games in this series

Show
View Real Time Build Order
Export as new Build Order

LiquidMaNa Protoss - Winner!

Build Orders: 1 Gate Expand, Mass Adepts 

Get SALT Encoding   

  12  0:00  Probe  
  13  0:12  Probe  
  14  0:20  Pylon  
  14  0:24  Probe  
  15  0:34  Probe  
  15  0:42  Probe  
  16  0:44  Gateway  
  17  0:52  Probe  
  17  0:53  Assimilator  
  18  1:04  Probe  
  19  1:16  Probe  
  20  1:28  Nexus  
  20  1:36  Cybernetics Core  
  20  1:38  Probe  
  21  1:45  Assimilator  
  21  1:50  Probe  
  22  1:54  Pylon  
  22  2:02  Stalker, Probe  
  23  2:13  Warp Gate  
  23  2:14  Probe  
  26  2:26  Probe  
  27  2:32  Adept, Twilight Council  
  29  2:39  Probe  
  29  2:40  Probe  
  31  2:50  Robotics Facility  
  31  2:52  Probe  
  31  2:53  Probe  
  33  3:00  Probe  
  33  3:02  Probe  
  33  3:03  Resonating Glaives  
  34  3:06  Gateway  
  34  3:08  Probe  
  34  3:12  Adept  
  37  3:13  Probe  
  38  3:29  Warp Prism  
  38  3:30  Gateway  
  38  3:31  Gateway  
  40  3:43  Probe x2  
  40  3:47  Pylon  
  42  4:00  Adept  
  42  4:01  Adept  
  46  4:03  Pylon  
  46  4:09  Dark Shrine  
  48  4:10  Probe x2  
  48  4:22  Pylon  
  48  4:27  Adept x4  
  56  4:32  Assimilator, Probe  
  56  4:33  Probe  
  56  4:38  Pylon  
  58  4:50  Adept x3  
  58  4:51  Adept  
  66  4:56  Probe  
  66  4:59  Pylon  
  67  5:07  Probe  
  68  5:19  Adept x4  
  68  5:20  Probe x2  
  66  5:35  Probe  
  67  5:40  Dark Templar x2  
  67  5:48  Probe  
  64  5:50  Dark Templar  
  64  5:51  Probe  
  63  6:02  Nexus  
  63  6:03  Probe  
  64  6:08  Dark Templar  
  64  6:15  Probe  
  63  6:19  Probe  
  63  6:25  Immortal, Pylon  
  68  6:27  Probe  
  68  6:31  Probe  
  69  6:40  Probe  
  69  6:43  Probe  
  68  6:52  Probe  
  63  6:55  Probe  
  63  6:56  Pylon  
  64  7:01  Dark Templar x2  
  64  7:02  Dark Templar  
  64  7:04  Probe  
  64  7:05  Assimilator  
  64  7:07  Probe  
  72  7:08  Forge  
  72  7:11  Gateway  
  72  7:12  Gateway  
  72  7:16  Probe  
  72  7:19  Probe  
  72  7:21  Probe  
  73  7:23  Assimilator  
  73  7:27  Assimilator  
  73  7:28  Probe  
  74  7:31  Dark Templar, Probe  
  74  7:33  Probe  
  78  7:38  Adept x3  
  78  7:40  Probe  
Show
View Real Time Build Order
Export as new Build Order

SortOf Zerg 

Build Orders: Hatch First 

Get SALT Encoding   

  12  0:00  Drone  
  13  0:12  Overlord  
  13  0:17  Drone  
  14  0:30  Drone x2  
  16  0:46  Drone  
  17  0:54  Hatchery  
  17  0:55  Drone  
  17  0:58  Drone  
  18  1:04  Extractor  
  17  1:14  Spawning Pool  
  17  1:17  Drone  
  17  1:21  Drone  
  18  1:29  Drone  
  19  1:38  Drone  
  20  1:50  Overlord  
  20  2:01  Queen  
  20  2:05  Queen  
  20  2:06  Zergling x4  
  26  2:10  Metabolic Boost  
  26  2:12  Drone  
  27  2:18  Drone  
  27  2:21  Drone  
  29  2:32  Drone  
  29  2:36  Overlord  
  30  2:42  Hatchery  
  29  2:46  Drone  
  30  2:54  Drone x2  
  30  2:55  Drone  
  30  2:58  Queen  
  34  3:00  Drone  
  34  3:05  Zergling x2  
  36  3:10  Zergling x2  
  37  3:15  Queen  
  37  3:17  Overlord  
  39  3:25  Drone  
  40  3:28  Drone x4  
  40  3:34  Overlord  
  44  3:35  Queen  
  44  3:38  Spore Crawler  
  44  3:39  Drone  
  46  3:48  Drone x3  
  49  3:49  Drone  
  49  3:52  Drone  
  51  3:56  Drone  
  51  3:57  Drone x2  
  51  3:58  Drone  
  55  4:03  Roach Warren  
  55  4:07  Drone  
  55  4:10  Spine Crawler  
  55  4:11  Zergling x4  
  55  4:15  Overlord, Zergling x2  
  55  4:16  Zergling x2  
  56  4:21  Zergling x2  
  57  4:26  Zergling x8  
  57  4:28  Overlord  
  57  4:30  Zergling x2  
  62  4:31  Zergling x2  
  62  4:33  Zergling x2  
  62  4:35  Spore Crawler  
  62  4:38  Zergling x4  
  65  4:43  Roach x2  
  65  4:44  Roach  
  71  4:46  Overlord  
  71  4:51  Spore Crawler  
  70  4:53  Roach x2  
  70  4:56  Roach  
  76  5:01  Roach x2  
  79  5:11  Roach  
  74  5:15  Queen  
  74  5:16  Overlord, Queen  
  74  5:20  Roach  
  73  5:26  Zergling x2  
  63  5:33  Drone x4  
  66  5:36  Drone  
  66  5:39  Spore Crawler  
  63  5:44  Zergling x8  
  64  5:56  Drone, Spore Crawler  
  60  6:05  Drone  
  57  6:17  Drone  
  58  6:23  Drone  
  59  6:27  Drone  
  59  6:28  Drone  
  59  6:31  Drone  
  62  6:36  Drone, Spore Crawler  
  56  6:40  Drone  
  56  6:41  Drone x2  
  57  6:49  Drone x2  
  57  6:51  Drone x2  
  61  6:54  Drone  
  61  6:55  Drone  
  61  6:59  Drone  
  62  7:02  Spore Crawler  
  62  7:05  Drone  
  62  7:07  Drone x2  
  64  7:10  Drone  
  64  7:11  Drone  
  64  7:14  Drone x2  
  68  7:19  Drone  
  69  7:23  Spore Crawler  
  69  7:24  Drone x2  
  67  7:31  Drone  
  67  7:32  Drone  
Tags
 
Add a new tag
Caveats
  • Supply blocks, unpowered buildings, or Contaminate may cause inaccurate times.
  • Supply counts are checked every 10 seconds.